 Dungeon Crawl Stone Soup version 0.27.1-37-g7b29ead8ac (console) character file.

Game seed: 17908796832089252913

66 grimtooth the Sneak (level 3, 0/24 HPs)
             Began as a Vampire Enchanter on Nov 24, 2023.
             Succumbed to a water moccasin's poison
             ... on level 3 of the Dungeon.
             The game lasted 00:08:55 (2517 turns).

grimtooth the Sneak (Vampire Enchanter)             Turns: 2517, Time: 00:08:56

Health: 0/24       AC:  2    Str:  7    XL:     3   Next: 96%
Magic:  4/7        EV: 12    Int: 18    God:
Gold:   103        SH:  0    Dex: 14    Spells: 5/8 levels left

rFire    . . .     SeeInvis +   a - +1 dagger
rCold    . . .     Faith    .   (no shield)
rNeg     . . .     Spirit   .   b - +0 robe
rPois    .         Reflect  .   (no helmet)
rElec    .         Harm     .   (no cloak)
rCorr    +         Rampage  .   (no gloves)
Will     .....                  (no boots)
Stlth    +++.......             (no amulet)
HPRegen  0.28/turn              e - ring of resist corrosion
MPRegen  0.10/turn              (no ring)

@: lethally poisoned (0 -> -9), healing quickly
A: alive, fangs 3, see invisible, vampiric 2
a: Exsanguinate


You were on level 3 of the Dungeon.
You visited 1 branch of the dungeon, and saw 3 of its levels.

You collected 123 gold pieces.
You spent 20 gold pieces at shops.

Inventory:

Hand Weapons
 a - a +1 dagger (weapon)
Missiles
 c - 25 stones (quivered)
Armour
 b - a +0 robe (worn)
Jewellery
 e - a ring of resist corrosion (left hand)
Scrolls
 f - a scroll of fear {unknown}
 g - a scroll of noise
 h - a scroll of teleportation
 k - a scroll of enchant weapon {unknown}
Potions
 d - 2 potions of lignification
 i - a potion of flight
 l - 2 potions of ambrosia {unknown}


   Skills:
 - Level 1.1 Short Blades
 - Level 2.1 Dodging
 + Level 5.3 Stealth
 * Level 3.2 Spellcasting
 + Level 5.2 Hexes


You had 5 spell levels left.
You knew the following spells:

 Your Spells              Type           Power      Damage    Failure   Level
a - Corona                Hex            23%        N/A       1%          1
b - Ensorcelled Hibernat  Hex/Ice        24%        N/A       9%          2

Your spell library contained the following spells:

 Spells                   Type           Power      Damage    Failure   Level
 Confusing Touch          Hex            21%        N/A       5%          3
 Tukima's Dance           Hex            21%        N/A       5%          3
 Animate Skeleton         Necr           4%         N/A       16%         1
 Apportation              Tloc           4%         N/A       16%         1
 Summon Small Mammal      Summ           8%         N/A       16%         1
 Dazzling Flash           Conj/Hex       24%        N/A       17%         3
 Iskenderun's Mystic Bla  Conj/Tloc      2%         2d3       85%         4
 Starburst                Conj/Fire      1%         6d3       100%        6


Dungeon Overview and Level Annotations

Branches:
Dungeon (3/15)

Altars:
Xom

Shops:
D:1 (*


Innate Abilities, Weirdness & Mutations

Your natural rate of healing is accelerated.
You have razor-sharp teeth.
You have supernaturally acute eyesight. (SInv)
You are afflicted with vampirism and can become a bat while bloodless.


Message History

Press: ? - help, Shift-Dir - straight line, f/p - water moccasin
Aim: a water moccasin (chance to affect: 43%)
The water moccasin looks drowsy...
You feel very sick.
The helpless water moccasin fails to defend itself.
You impale the water moccasin!!
The water moccasin is severely wounded.
You feel very sick. The water moccasin barely misses you.
The water moccasin misses you.
You feel much better.
You feel sick.
The water moccasin completely misses you.
You feel sick. The water moccasin misses you.
There is a stone staircase leading up here.
Press: ? - help, v - describe, . - travel
Here: a water moccasin (severely wounded)
The floor.
As you read the scroll labelled ZYIMNORALOTI, it crumbles to dust.
You feel strangely unstable.
It was a scroll of teleportation.
You feel sick. The water moccasin bites you!
You miss the water moccasin.
You bite the water moccasin, but do no damage.
The water moccasin is severely wounded.
You feel sick.
The water moccasin completely misses you.
You hit the water moccasin.
The water moccasin is severely wounded.
You feel sick. The water moccasin barely misses you.
The goblin hits you with a +0 club. The water moccasin bites you.
* * * LOW HITPOINT WARNING * * *
Unknown command.
You hit the water moccasin. Your bite misses the water moccasin.
The water moccasin is severely wounded.
You feel sick. The goblin barely misses you. The water moccasin bites you.
* * * LOW HITPOINT WARNING * * *
You are lethally poisoned!
The water moccasin poisons you!
* * * LOW HITPOINT WARNING * * *
You feel very sick.
Your surroundings suddenly seem different.
You die...

######## #......#
#######......##
...............
#@....... #.......#
#####.........
#<.o....(..o.#
#..#.#.#...o.#
#.####.........o...
........#.#.#.....#
...###.†.....$##...
........#.#.#..
....###.......# ...
#....#...#


You could see an orc priest (wandering), an orc wizard (wandering) and an orc
(wandering).

Vanquished Creatures
  An adder (D:3)
  2 dart slugs
  5 endoplasms
  A giant cockroach (D:1)
  5 goblins
  6 hobgoblins
  4 jackals (D:2)
  3 kobolds
  A quokka (D:1)
  8 ball pythons
  5 bats (D:1)
  2 frilled lizards
  8 rats
51 creatures vanquished.

Notes
Turn   | Place    | Note
-------+----------+-------------------------------------------
     0 | D:1      | grimtooth the Vampire Enchanter began the quest for the
                  | Orb.
     0 | D:1      | Reached XP level 1. HP: 13/13 MP: 3/3
    58 | D:1      | Found Ijoeph's Weapon Emporium.
   292 | D:1      | Reached XP level 2. HP: 11/19 MP: 3/5
   325 | D:1      | Learned a level 2 spell: Ensorcelled Hibernation
   706 | D:1      | Found Renaizox's General Store.
   712 | D:1      | Bought a scroll of identify for 20 gold pieces
   953 | D:1      | Reached skill level 5 in Stealth
   953 | D:1      | Gained mutation: You are afflicted with vampirism and can
                  | become a bat while bloodless. [Vampire growth]
   953 | D:1      | Reached XP level 3. HP: 18/24 MP: 5/7
  1334 | D:2      | Noticed a floating eye
  1335 | D:2      | Found a faded altar of an unknown god.
  1339 | D:2      | Noticed a great orb of eyes
  1343 | D:2      | Noticed a golden eye
  1348 | D:2      | Noticed a shining eye
  1430 | D:2      | Found a shimmering altar of Xom.
  1681 | D:2      | Reached skill level 5 in Hexes
  2493 | D:3      | Noticed a water moccasin
  2517 | D:3      | Succumbed to a water moccasin's poison

Illustrated notes

Levels and vault maps discovered:
D:1:      lightli_arrival_flooded_house, layout_basic, serial_shops, shop, shop
D:2:      layout_basic, hellmonk_ecumenical_altar_watching_god, basic_altar,
          chequers_serial_rivers_large_b, grunt_ministairs_15
D:3:      layout_basic, serial_glass, glass_columns_a, glass_columns_b

Skill      XL: |  1  2  3 |
---------------+----------+-----
Stealth        | 5 |  5.3
Hexes          | 5 |  5.2
Spellcasting   | 3 |  3.2
Short Blades   | |  1.1
Dodging        | |  2.1

Action                   || total
-------------------------++-------
Melee: Dagger            ||   145
       Bite              ||    12
Throw: Stone             ||     5
 Cast: Corona            ||    26
       Ensorcelled Hiber ||     8
  Use: Scroll            ||     6
       Potion            ||     1
 Stab: Sleeping          ||    22
Armor: Robe              ||    21
Dodge: Dodged            ||    91
